 Dungeon Crawl Stone Soup version 0.31-a0-865-g3d5d91748a (webtiles) character file.

Game seed: 2394739520654565970

58 Getoffmy the Twirler (level 3, -1/42 HPs)
             Began as a Demonspawn Gladiator on Oct 10, 2023.
             Slain by a gnoll
             ... wielding a +0 whip
              (7 damage)
             ... on level 2 of the Dungeon.
             The game lasted 00:04:16 (1116 turns).

Getoffmy the Twirler (Demonspawn Gladiator)         Turns: 1116, Time: 00:04:17

Health: -1/42      AC: 21    Str: 16    XL:     3   Next: 75%
Magic:  3/3        EV:  2    Int:  9    God:
Gold:   69         SH:  0    Dex: 14    Spells: 2/2 levels left

rFire   . . .        a - +0 quarterstaff
rCold   . . .        (shield currently unavailable)
rNeg    . . .        m - melded +1 leather armour of Nyaleol {rF+}
rPois   +            c - melded +0 helmet
rElec   .            (cloak currently unavailable)
rCorr   .            (gloves currently unavailable)
SInv    .            (boots currently unavailable)
Will    .....        (no amulet)
Stlth   +            (no ring)
HPRegen 0.27/turn    (no ring)
MPRegen 0.08/turn

%: no passive effects
@: tree-form
A: stationary, stasis, torment immunity, boosted hp, (claws 1)
a: no special abilities


You were on level 2 of the Dungeon.
You were a tree.
You visited 1 branch of the dungeon, and saw 2 of its levels.

You collected 69 gold pieces.

Inventory:

Hand Weapons
 a - a +0 quarterstaff (weapon)
Missiles
 d - 3 throwing nets (quivered)
 e - a javelin
 g - 5 stones
Armour
 c - a +0 helmet (melded)
 h - a +0 chain mail
 m - the +1 leather armour of Nyaleol (melded) {rF+}
   (You found it on level 2 of the Dungeon)

   rF+:       It protects you from fire.
Scrolls
 f - a scroll of identify {unknown}
 j - a scroll of amnesia {unknown}
 k - a scroll of poison {unknown}
 l - a scroll of butterflies {unknown}
Potions
 n - a potion of curing {unknown}


   Skills:
 + Level 2.8 Fighting
 * Level 3.8 Staves
 - Level 1.7 Throwing
 - Level 2.6 Dodging


You had 2 spell levels left.
You didn't know any spells.
Your spell library was empty.

Dungeon Overview and Level Annotations

Branches:
Dungeon (2/15)

Altars:

Shops:
D:1 =


Innate Abilities, Weirdness & Mutations

You are a tree.
Your roots penetrate the ground, keeping you stationary.
You cannot be teleported.
You are immune to unholy pain and torment.
Your maximum health is greatly increased.
Your equipment is partially melded.
((You have sharp fingernails.))


Message History

You hit the gnoll.
The gnoll is severely wounded.
You barely miss the gnoll. You hit the gnoll but do no damage.
You hit the gnoll but do no damage.
The gnoll is severely wounded.
The gnoll barely misses you. The gnoll hits you with a +0 club.
The gnoll attacks as it pursues you! The gnoll hits you with a +0 whip.
You hit the gnoll.
The gnoll is moderately wounded.
The gnoll hits you with a +0 whip.
You closely miss the gnoll.
The gnoll is moderately wounded.
The gnoll hits you with a +0 whip.
You completely miss the gnoll.
The gnoll is moderately wounded.
The gnoll hits you with a +0 whip.
* * * LOW HITPOINT WARNING * * *
The gnoll hits you with a +0 whip.
* * * LOW HITPOINT WARNING * * *
Okay, then.
It was a potion of lignification.
You turn into a tree.
Your +0 helmet melds into your body.
The +1 leather armour of Nyaleol {rF+} melds into your body.
Your roots penetrate the ground.
The gnoll hits you but does no damage.
You hit the gnoll.
The gnoll is severely wounded.
The gnoll hits you but does no damage.
You sock the gnoll!
You kill the gnoll!
You barely miss the gnoll.
The gnoll hits you but does no damage. x2
You closely miss the gnoll.
The gnoll hits you but does no damage. x2
You barely miss the gnoll.
The gnoll hits you from afar with a +0 spear.
* * * LOW HITPOINT WARNING * * *
The gnoll hits you but does no damage.
You hit the gnoll.
The gnoll is moderately wounded.
The gnoll hits you with a +0 whip!
You die...

#........###.##...##
#..##.##.# #.###.###
#.###.##.# #.###.###
#.#...##.# #........
#.#.####.# #####.###
#........# #.# #
###.###### #.# # #.#
#.# # #♣# #.###
..######g# #....
....rg)gg# #####
..##.##### # # # #


You could see 3 gnolls.

Vanquished Creatures
  A gnoll (D:2)
  An adder (D:2)
  A worm (D:2)
  4 bats
  2 endoplasms
  A giant cockroach (D:1)
  5 goblins
  2 hobgoblins
  A quokka (D:1)
  4 ball pythons
  3 kobolds
  12 rats (D:1)
37 creatures vanquished.

Notes
Turn   | Place    | Note
-------+----------+-------------------------------------------
     0 | D:1      | Getoffmy the Demonspawn Gladiator began the quest for the
                  | Orb.
     0 | D:1      | Reached XP level 1. HP: 16/16 MP: 1/1
   105 | D:1      | Reached skill level 3 in Staves
   130 | D:1      | Found Luczeus's Jewellery Emporium.
   230 | D:1      | Gained mutation: You have sharp fingernails. [demonic
                  | ancestry]
   230 | D:1      | Reached XP level 2. HP: 22/22 MP: 2/2
   727 | D:2      | Reached XP level 3. HP: 28/28 MP: 3/3
   806 | D:2      | Identified the +1 leather armour of Nyaleol {rF+}
  1116 | D:2      | Slain by a gnoll

Illustrated notes

Levels and vault maps discovered:
D:1:      psy_arrival_fountain, layout_loops_ring, serial_shops, shop,
          minmay_rat_gold_closets
D:2:      layout_loops_corners, minmay_tromino_v4_b

Skill      XL: |  1 |
---------------+----+-----
Staves         | 3 |  3.8
Fighting       | |  2.8
Throwing       | |  1.7
Dodging        | |  2.6

Action                     || total
---------------------------++-------
  Melee: Quarterstaff      ||   142
    Use: Potion            ||     1
 Armour: Leather armour    ||    97
         Skin              ||     9
  Dodge: Dodged            ||    77

Table legend: (Time is in decaauts)
 A = Elapsed time spent in this place.
 B = Non-inter-level travel time spent in this place.
 C = Inter-level travel time spent in this place.
 D = Time resting spent in this place.
 E = Time spent auto-exploring this place.
 F = Levels seen in this place.
 G = Mean time per level.
                   A        B        C        D        E       F      G
               +--------+--------+--------+--------+--------+-----+--------+
         Total |   1134 |   1126 |      8 |     45 |    686 |   2 |  567.0 |
       Dungeon |   1134 |   1126 |      8 |     45 |    686 |   2 |  567.0 |
               +--------+--------+--------+--------+--------+-----+--------+

Top non-repeatable levels by time:
     D:1: 734 daAuts
     D:2: 400 daAuts
